 Dungeon Crawl Stone Soup version 0.29-a0-194-g6e3aafee17 (webtiles) character file.

Game seed: 8619227511348352292

22204 drugrobin the Spear-Bearer (level 12, -6/110 HPs)
             Began as a Demigod Warper on Feb 23, 2022.
             Mangled by a yaktaur captain (16 damage)
             ... on level 13 of the Dungeon.
             The game lasted 01:17:05 (18123 turns).

drugrobin the Spear-Bearer (Demigod Warper)        Turns: 18123, Time: 01:17:05

Health: -6/110     AC: 22    Str: 28      XL:     12   Next: 29%
Magic:  9/18       EV: 11    Int: 12 (15) God:
Gold:   536        SH:  0    Dex: 19      Spells: 3/14 levels left

rFire   x . .      SeeInvis .   a - +4 trident (vorpal)
rCold   + . .      Faith    .   (no shield)
rNeg    + . .      Spirit   .   j - +8 scale mail "Entibb" {+Inv rN+ Dex+6}
rPois   .          Reflect  .   E - +0 helmet
rElec   .          Harm     .   m - +0 cloak
rCorr   .          Rampage  .   u - +0 pair of gloves
Will    +....                   W - +2 pair of boots {Fly}
Stlth   +.........              i - amulet of regeneration
HPRegen 1.08/turn               F - ring of ice
MPRegen 0.16/turn               (no ring)

@: flying
A: high MP 1, forlorn, divine attributes
a: Evoke Invisibility


You were on level 13 of the Dungeon.
You visited 3 branches of the dungeon, and saw 18 of its levels.
You also visited: Bailey and Ice Cave.

You collected 962 gold pieces.
You spent 426 gold pieces at shops.

Inventory:

Hand Weapons
 a - a +4 vorpal trident (weapon)
 b - a +0 vorpal shortbow
 c - a +0 dagger of venom
 e - a +5 hand axe of electrocution
 g - a +5 spear of freezing
 V - a +1 vorpal bardiche
Missiles
 l - 9 curare-tipped darts
 n - 4 boomerangs (quivered)
 z - 11 boomerangs of dispersal
 A - 6 javelins
 D - 18 poisoned darts
 U - 6 throwing nets
Armour
 j - the +8 scale mail "Entibb" (worn) {+Inv rN+ Dex+6}
   (You bought it in a shop on level 3 of the Dungeon)

   Dex:       It affects your dexterity (+6).
   rN:        It protects you from negative energy.
   +Inv:      It lets you turn invisible.
 m - a +0 cloak (worn)
 u - a +0 pair of gloves (worn)
 E - a +0 helmet (worn)
 L - +0 fire dragon scales
 W - a +2 pair of boots of flying (worn)
Jewellery
 i - an amulet of regeneration (around neck)
 s - an amulet of reflection
 F - a ring of ice (left hand)
Wands
 d - a wand of acid (5)
 B - a wand of flame (3)
 N - a wand of iceblast (18)
 Q - a wand of paralysis (2)
 R - a wand of polymorph (7)
Scrolls
 f - 2 scrolls of identify
 h - 3 scrolls of fear
 k - 6 scrolls of teleportation
 p - 3 scrolls of fog
 q - 3 scrolls of enchant armour {unknown}
 r - a scroll of torment {unknown}
 w - 5 scrolls of vulnerability {unknown}
 y - a scroll of acquirement {unknown}
 G - a scroll of magic mapping
 K - 2 scrolls of immolation {unknown}
 O - 3 scrolls of amnesia {unknown}
 P - 2 scrolls of holy word {unknown}
Potions
 o - 3 potions of brilliance
 t - 13 potions of ambrosia
 v - 3 potions of mutation
 x - a potion of heal wounds
 C - 4 potions of lignification
 H - a potion of curing
 I - 2 potions of haste
 J - a potion of might


   Skills:
 + Level 11.4 Fighting
 + Level 12.6 Polearms
 - Level 0.8 Throwing
 + Level 5.4 Armour
 - Level 1.7 Dodging
 - Level 2.0 Stealth
 - Level 1.7 Spellcasting
 - Level 5.1 Translocations
 + Level 7.0 Evocations


You had 3 spell levels left.
You knew the following spells:

 Your Spells              Type           Power      Damage    Failure   Level
a - Blink                 Tloc           26%        N/A       11%         2
b - Teleport Other        Tloc           13%        N/A       22%         3
c - Gell's Gravitas       Tloc           13%        N/A       22%         3
d - Lesser Beckoning      Tloc           13%        N/A       22%         3

Your spell library contained the following spells:

 Spells                   Type           Power      Damage    Failure   Level
 Beastly Appendage        Tmut           2%         N/A       50%         1
 Shock                    Conj/Air       4%         1d3       50%         1
 Slow                     Hex            4%         N/A       50%         1
 Sting                    Tmut/Pois      4%         1d3       50%         1
 Poisonous Vapours        Pois/Air       2%         N/A       65%         2
 Sublimation of Blood     Necr           1%         N/A       65%         2
 Wereblood                Tmut           1%         N/A       65%         2
 Call Canine Familiar     Summ           1%         N/A       86%         3
 Confusing Touch          Hex            1%         N/A       86%         3
 Inner Flame              Hex/Fire       1%         N/A       86%         3
 Spider Form              Tmut/Pois      1%         N/A       86%         3
 Swiftness                Air            1%         N/A       86%         3
 Vampiric Draining        Necr           1%         2d6       86%         3
 Manifold Assault         Tloc           13%        N/A       89%         5
 Iskenderun's Mystic Bla  Conj/Tloc      7%         2d4       90%         4
 Airstrike                Air            0%         N/A       99%         4
 Cause Fear               Hex            0%         N/A       99%         4
 Fulminant Prism          Conj/Hex       0%         3d6       99%         4
 Leda's Liquefaction      Hex/Erth       0%         N/A       99%         4
 Olgreb's Toxic Radiance  Pois           1%         N/A       99%         4
 Summon Forest            Summ/Tloc      3%         N/A       99%         5
 Lee's Rapid Deconstruct  Erth           0%         3d5*      100%        5
 Dispersal                Tloc           6%         N/A       100%        6
 Eringya's Noxious Bog    Tmut/Pois      0%         N/A       100%        6
 Statue Form              Tmut/Erth      0%         N/A       100%        6
 Summon Hydra             Summ           0%         N/A       100%        7
 Discord                  Hex            0%         N/A       100%        8


Dungeon Overview and Level Annotations

Branches:
Dungeon (15/15)            Temple (1/1) D:7            Lair (0/6) D:11
    Orc (2/2) D:11            Elf (0/3) Orc:2        Vaults (0/5) D:14
 Depths (0/4) D:15         Bailey (visited)           IceCv (visited)

Shops:
D:3 [   D:12 =

Annotations:
D:3 Grinder
D:5 exclusion: scorpion
D:8 3 runed translucent doors, SirDiesAlot's ghost, novice DECj; bromine's ghost, novice DDFi


Innate Abilities, Weirdness & Mutations

You have an increased reservoir of magic. (+10% MP)
You shall have no god before yourself.
Your divine heritage dramatically boosts your attributes as you level up.


Message History

The white ugly thing is engulfed in blazing flames.
Unknown command.
As you read the scroll of fear, it crumbles to dust.
You assume a fearsome visage.
The yaktaur captain easily resists.
The yaktaur looks frightened!
The purple ugly thing looks frightened!
The white ugly thing looks frightened!
The tengu warrior looks frightened!
The deep elf pyromancer looks frightened!
The fire elemental is unaffected. x2
The deep elf pyromancer mumbles some strange words.
The deep elf pyromancer blinks!
The deep elf pyromancer casts a spell.
The deep elf pyromancer blinks!
Unknown command.
The yaktaur captain unwields a +0 arbalest.
The yaktaur captain hits you but does no damage.
There is a stone staircase leading up here.
Unknown command.
Unknown command.
Unknown command.
The fire elemental misses you. The fire elemental hits you.
The fire elemental burns you! The fire burns you terribly!
* * * LOW HITPOINT WARNING * * *
You fly upwards.
Found 21 gold pieces.
There is a stone staircase leading down here.
Unknown command.
Unknown command.
Unknown command.
Okay, then.
Aiming: Paralyse
Press: ? - help, Shift-Dir - straight line, f - yaktaur captain
Aim: a yaktaur captain (chance to affect: 31%)
The yaktaur captain easily resists.
The yaktaur captain hits you.
* * * LOW HITPOINT WARNING * * *
Unknown command.
Aiming: Paralyse
Press: ? - help, Shift-Dir - straight line, f/p - yaktaur captain
Aim: a yaktaur captain (chance to affect: 31%)
The yaktaur captain easily resists.
The yaktaur captain hits you!
You die...

##+########
#.........#
#.........+
#.........#
#...c.....#
#..@..$...#
###########


You could see a yaktaur captain.

Vanquished Creatures
  A boulder beetle (D:15)
  3 two-headed ogres
  Sonja (D:12)
  An orc knight (Orc:2)
  2 ugly things
  A manticore (D:11)
  An orc sorcerer (Orc:2)
  A cyclops (D:12)
  A komodo dragon (D:11)
  2 entropy weaver simulacra (IceCv)
  A yaktaur (D:14)
  2 very ugly thing simulacra (IceCv)
  3 trolls
  A queen bee (D:11)
  Prince Ribbit (D:6)
  2 hornets
  8 slime creatures
  3 wraiths
  9 yaks (D:10)
  A vampire (D:10)
  2 steam dragons (D:9)
  2 vampire mosquitoes (D:12)
  2 demonic crawler simulacra (IceCv)
  A warg (Orc:1)
  An acid dragon (D:10)
  A water moccasin (D:8)
  4 ice beasts
  16 orc warriors
  A sky beast (D:6)
  3 black bears
  3 ogres
  4 wolves (Bailey)
  15 centaurs
  3 phantoms
  Blork the orc (D:5)
  3 kobold brigands
  9 gnoll sergeants
  A bullfrog (D:8)
  2 scorpions (D:5)
  28 killer bees
  8 wights
  4 howler monkeys
  5 bullfrog zombies
  12 orc priests
  8 centaur zombies
  4 hounds
  6 gnoll shamans (Bailey)
  2 iguanas
  2 scorpion zombies (D:5)
  16 orc wizards
  2 killer bee zombies
  A hound zombie (D:5)
  A howler monkey zombie (D:5)
  20 gnolls
  A howler monkey skeleton (D:7)
  2 adders
  2 white imps
  An ufetubus (D:3)
  An adder skeleton (D:5)
  2 worms
  3 dart slugs
  45 orcs
  A bat (D:1)
  2 endoplasms (D:4)
  A giant cockroach (D:4)
  5 hobgoblins
  4 jackals (D:1)
  3 quokkas
  A ball python (D:3)
  3 frilled lizards
  4 goblins
  17 kobolds
  4 rats
340 creatures vanquished.

Notes
Turn   | Place    | Note
-------+----------+-------------------------------------------
     0 | D:1      | drugrobin the Demigod Warper began the quest for the Orb.
     0 | D:1      | Reached XP level 1. HP: 17/17 MP: 5/5
   146 | D:1      | Reached skill level 2 in Polearms
   380 | D:1      | Reached XP level 2. HP: 22/24 MP: 7/7
  1025 | D:2      | Reached skill level 3 in Polearms
  1175 | D:2      | Learned a level 2 spell: Blink
  1316 | D:3      | Noticed Grinder
  1425 | D:2      | Reached XP level 3. HP: 29/29 MP: 8/8
  1895 | D:3      | Learned a level 3 spell: Teleport Other
  1916 | D:3      | Found Rennot's Antique Armour Shop.
  2086 | D:3      | Paralysed by Grinder for 3 turns
  2332 | D:4      | Noticed an ogre
  2678 | D:3      | Bought a faintly glowing robe for 165 gold pieces
  2678 | D:3      | Identified the +1 robe "Fugiak" {Rampage rF+ rN+} (You
                  | bought it in a shop on level 3 of the Dungeon)
  2710 | D:3      | Paralysed by Grinder for 5 turns
  2923 | D:4      | Reached XP level 4. HP: 33/36 MP: 9/9
  2943 | D:4      | Reached skill level 1 in Stealth
  3192 | D:4      | Noticed a black bear
  3578 | D:5      | Entered Level 5 of the Dungeon
  3675 | D:5      | Noticed an ogre
  3743 | D:5      | Reached skill level 4 in Polearms
  3743 | D:5      | Reached XP level 5. HP: 32/41 MP: 10/10
  3846 | D:5      | Noticed an ice beast
  4314 | D:5      | Reached XP level 6. HP: 48/48 MP: 9/11
  4610 | D:4      | Reached skill level 5 in Polearms
  4772 | D:5      | Reached skill level 5 in Translocations
  4832 | D:5      | Reached XP level 7. HP: 49/55 MP: 12/12
  5136 | D:6      | Noticed Blork the orc
  5647 | D:6      | Reached skill level 6 in Polearms
  6865 | D:3      | Reached skill level 7 in Polearms
  6865 | D:3      | Reached XP level 8. HP: 39/66 MP: 13/13
  7305 | D:5      | Killed Blork the orc
  7620 | D:6      | Reached skill level 5 in Fighting
  7724 | D:6      | Noticed Prince Ribbit
  7778 | D:6      | Killed Prince Ribbit
  7779 | D:6      | Reached skill level 8 in Polearms
  8315 | D:7      | Reached XP level 9. HP: 61/73 MP: 14/14
  8344 | D:7      | Found a staircase to the Ecumenical Temple.
  9000 | Temple   | Entered the Ecumenical Temple
  9176 | D:7      | Reached skill level 9 in Polearms
  9915 | D:8      | Found a runed translucent gate.
  9915 | D:8      | Found a runed translucent gate.
  9915 | D:8      | Found a runed translucent gate.
  9916 | D:8      | Noticed SirDiesAlot's ghost (novice DECj)
  9919 | D:8      | Noticed bromine's ghost (novice DDFi)
 10172 | D:8      | Noticed a brown ugly thing
 10561 | D:9      | Noticed a wizard
 10736 | D:9      | Found a flagged portal.
 10757 | Bailey   | Entered a bailey
 11007 | Bailey   | Reached skill level 10 in Polearms
 11216 | Bailey   | Reached XP level 10. HP: 68/90 MP: 15/15
 12259 | D:3      | Bought a faintly glowing scale mail for 261 gold pieces
 12259 | D:3      | Identified the +8 scale mail "Entibb" {+Inv rN+ Dex+6} (You
                  | bought it in a shop on level 3 of the Dungeon)
 12931 | D:8      | Killed a brown ugly thing
 12932 | D:8      | Reached skill level 1 in Evocations
 13319 | D:10     | Entered Level 10 of the Dungeon
 13361 | D:10     | Noticed a brown ugly thing
 13503 | D:10     | Noticed a two-headed ogre
 14089 | D:10     | Reached skill level 11 in Polearms
 14699 | D:11     | Found a staircase to the Orcish Mines.
 14709 | D:10     | Learned a level 3 spell: Gell's Gravitas
 14758 | Orc:1    | Entered Level 1 of the Orcish Mines
 14778 | Orc:1    | Reached XP level 11. HP: 99/99 MP: 17/17
 14806 | Orc:1    | Noticed a two-headed ogre
 14832 | Orc:1    | Killed a two-headed ogre
 14833 | Orc:1    | Reached skill level 10 in Fighting
 14944 | Orc:2    | Entered Level 2 of the Orcish Mines
 14944 | Orc:2    | Found a staircase to the Elven Halls.
 14959 | Orc:2    | Reached skill level 1 in Armour
 15076 | Orc:2    | Learned a level 3 spell: Lesser Beckoning
 15280 | Orc:2    | Noticed an orc knight
 15351 | Orc:2    | Killed an orc knight
 15611 | Orc:1    | Noticed an orc warlord
 15611 | Orc:1    | Noticed an orc high priest
 15611 | Orc:1    | Noticed an ettin
 15612 | Orc:1    | Noticed an ettin
 15698 | Orc:2    | Paralysed by an orc sorcerer for 5 turns
 15903 | D:11     | Reached skill level 5 in Evocations
 15980 | D:11     | Noticed a two-headed ogre
 15992 | D:11     | Killed a two-headed ogre
 16289 | D:11     | Reached skill level 12 in Polearms
 16774 | D:11     | Found a staircase to the Lair.
 16830 | D:12     | Found Okarrul's Jewellery Shop.
 16831 | D:12     | Got the Catalogue of Creative Envenoming
 17105 | D:12     | Noticed Sonja
 17113 | D:12     | Killed Sonja
 17114 | D:12     | Reached XP level 12. HP: 90/110 MP: 18/18
 17267 | D:12     | You are sucked into a shaft and drop 3 floors!
 17267 | D:15     | Entered Level 15 of the Dungeon
 17267 | D:15     | Noticed a boulder beetle
 17273 | D:15     | Found a frozen archway.
 17287 | D:15     | Killed a boulder beetle
 17288 | D:15     | Reached skill level 5 in Armour
 17329 | IceCv    | Entered an ice cave
 18009 | IceCv    | Noticed a quicksilver ooze
 18106 | D:14     | Found a gate to the Vaults.
 18110 | D:14     | Noticed a yaktaur captain
 18123 | D:13     | Mangled by a yaktaur captain

Illustrated notes

Levels and vault maps discovered:
D:1:      dpeg_arrival_water_temple_mockup, layout_loops_ring,
          hellmonk_ecumenical_altar_inner_sanctum, serial_bayou_pond_a
D:2:      layout_basic, basic_altar
D:3:      layout_basic, serial_shops, shop, serial_glass, glass_columns_b,
          glass_columns_a, uniq_grinder
D:4:      layout_loops_ring, lemuel_doored_altar,
          mainiacjoe_overflow_six_doors_small,
          eino_small_chamber_without_monster
D:5:      layout_layer_cave, chequers_temple_overflow_minitemple, serial_undead,
          serial_undead_d, serial_undead_c, serial_undead_e, serial_undead_d,
          hangedman_abyss_or_decor_passed
D:6:      layout_loops_cross, nicolae_concentric_dashed_squares_mild,
          roderic_roman_lattice, hangedman_abyss_or_decor_lesser_grid,
          amethyst_killhole, minmay_liquid_box, uniq_prince_ribbit1,
          uniq_blork_the_orc
D:7:      layout_layer_cave, kennysheep_orc_sif_temple,
          minmay_temple_entry_grid, minmay_unpleasant_kobolds
D:8:      layout_gridville, nicolae_uskayaw_suspiria, gammafunk_ghost_cemetery,
          st_stairs_11, small_chamber_with_monster
D:9:      layout_loops_ring, yredelemnul_forgotten_temple_becter,
          xom_redecorated, nicolae_overflow_crystal_walls, enter_bailey_2,
          lightli_wizard_tower
D:10:     layout_basic, slow_altar_2, fiery_altar_vehumet, minmay_door_square
D:11:     layout_basic, lair_entry_dummy, david_orc_2, special_room
          [special_room_bee], nicolae_ashenzari_panopticon
D:12:     nicolae_cairo_tiling_large_dashed, layout_loops_ring, serial_shops,
          nicolae_take_the_stairs, uniq_sonja
D:13:     layout_roguey
D:14:     layout_loops_ring, david_vaults_2, library_closet,
          kennysheep_decorative_pillar
D:15:     grunt_enter_depths_snipers, layout_cross,
          portal_ice_cave_entry_pillars_four, skrybe_limestone_x, uniq_rupert,
          uniq_nessos
Temple:   jpeg_temple_alley_garden
Orc:1:    layout_caves, basic_altar
Orc:2:    grunt_orc_community_town_hall, layout_diamond_mine,
          grunt_orc_community_big_house_1, grunt_orc_community_big_house_2,
          grunt_orc_community_house_2, grunt_orc_community_house_2,
          grunt_orc_community_house_1, grunt_orc_community_house_1,
          grunt_orc_community_house_2, grunt_orc_community_house_2,
          minmay_orc_treasury

Skill      XL: |  1  2  3  4  5  6  7  8  9 10 11 12 |
---------------+-------------------------------------+-----
Polearms       | 2 3 4 5 7 8 10 11 12 | 12.6
Fighting       | 2 4 6 8 9 11 | 11.4
Translocations | 3 4 5 |  5.1
Stealth        | 1 2 |  2.0
Evocations     | 4 6 7 |  7.0
Armour         | 4 5 |  5.4
Throwing       | |  0.8
Dodging        | |  1.7
Spellcasting   | |  1.7

Action                   |  1- 3 |  4- 6 |  7- 9 | 10-12 || total
-------------------------+-------+-------+-------+-------++-------
Melee: Spear             |    85 |   106 |   166 |    91 ||   448
       Short sword       |    93 |    45 |    39 |       ||   177
       Punch             |     2 |     4 |     3 |     6 ||    15
       Long sword        |     9 |    27 |    26 |       ||    62
       Halberd           |       |       |   346 |    44 ||   390
       Dagger            |       |       |    28 |     8 ||    36
       Trident           |       |       |       |   639 ||   639
       Hand axe          |       |       |       |    11 ||    11
 Fire: Hunting sling     |       |     7 |     3 |       ||    10
       Shortbow          |       |       |       |     1 ||     1
Throw: Stone             |    11 |     4 |    18 |       ||    33
       Dart              |       |     5 |    53 |    15 ||    73
       Boomerang         |       |     3 |     6 |    11 ||    20
       Javelin           |       |       |     6 |     6 ||    12
 Cast: Teleport Other    |     1 |     3 |    14 |    10 ||    28
       Blink             |       |     3 |    27 |    13 ||    43
       Gell's Gravitas   |       |       |       |     2 ||     2
Evoke: Wand              |       |       |     4 |     7 ||    11
  Use: Scroll            |       |       |    14 |    10 ||    24
       Potion            |       |       |     1 |     2 ||     3
 Stab: Sleeping          |     1 |     1 |     2 |       ||     4
       Paralysed         |       |       |     2 |     7 ||     9
       Distracted        |       |       |     1 |       ||     1
Armor: Leather armour    |    29 |       |       |       ||    29
       Robe              |     1 |    38 |   135 |       ||   174
       Steam dragon scal |       |       |     3 |    12 ||    15
       Scale mail        |       |       |       |   372 ||   372
Dodge: Dodged            |    82 |   104 |   378 |   398 ||   962

Table legend: (Time is in decaauts)
 A = Elapsed time spent in this place.
 B = Non-inter-level travel time spent in this place.
 C = Inter-level travel time spent in this place.
 D = Time resting spent in this place.
 E = Time spent auto-exploring this place.
 F = Levels seen in this place.
 G = Mean time per level.
                   A        B        C        D        E       F      G
               +--------+--------+--------+--------+--------+-----+--------+
         Total |  17871 |  16512 |   1359 |   2005 |   8027 |  20 |  893.5 |
       Dungeon |  15243 |  13923 |   1320 |   1159 |   7577 |  15 | 1016.2 |
        Temple |     41 |     41 |      0 |     40 |      0 |   1 |   41.0 |
  Orcish Mines |    963 |    924 |     39 |    315 |    243 |   2 |  481.5 |
        Bailey |    937 |    937 |      0 |    215 |    134 |   1 |  937.0 |
      Ice Cave |    685 |    685 |      0 |    275 |     73 |   1 |  685.0 |
               +--------+--------+--------+--------+--------+-----+--------+

Top non-repeatable levels by time:
     D:5: 2235 daAuts
     D:7: 1687 daAuts
     D:8: 1643 daAuts
     D:6: 1600 daAuts
     D:4: 1470 daAuts
    D:10: 1313 daAuts
    D:11: 1101 daAuts
     D:1: 948 daAuts
  Bailey: 937 daAuts
     D:9: 926 daAuts
     D:3: 884 daAuts
     D:2: 875 daAuts
   IceCv: 685 daAuts
   Orc:2: 648 daAuts
    D:12: 414 daAuts
